 Dungeon Crawl Stone Soup version 0.28.0-62-gf88900778d (webtiles) character file.

Game seed: 12644642411518905845

1106 cbfl8 the Chopper (level 8, 0/69 HPs)
             Began as a Minotaur Fighter on Sept 11, 2023.
             Killed from afar by Maggie (22 damage)
             ... with a bolt of fire
             ... on level 6 of the Dungeon.
             The game lasted 00:04:56 (6130 turns).

cbfl8 the Chopper (Minotaur Fighter)                Turns: 6130, Time: 00:04:56

Health: 0/69       AC: 12    Str: 22    XL:     8   Next: 11%
Magic:  7/7        EV:  7    Int:  5    God:
Gold:   187        SH:  5    Dex: 11    Spells: 7/7 levels left

rFire   . . .      SeeInvis .   b - +0 broad axe
rCold   + . .      Faith    .   c - +0 buckler
rNeg    . . .      Spirit   .   p - +0 chain mail
rPois   .          Reflect  .   (helmet restricted)
rElec   +          Harm     .   (no cloak)
rCorr   .          Rampage  .   l - +0 pair of gloves
Will    .....                   m - +0 pair of boots
Stlth   ..........              (no amulet)
HPRegen 0.21/turn               e - ring of protection from cold
MPRegen 0.10/turn               (no ring)

@: mesmerised
A: horns 2, retaliatory headbutt, camouflage 1, electricity resistance
a: no special abilities


You were on level 6 of the Dungeon.
You visited 1 branch of the dungeon, and saw 6 of its levels.

You collected 267 gold pieces.
You spent 80 gold pieces at shops.

Inventory:

Hand Weapons
 b - a +0 broad axe (weapon)
Armour
 c - a +0 buckler (worn)
 l - a +0 pair of gloves (worn)
 m - a +0 pair of boots (worn)
 p - a +0 chain mail (worn)
Jewellery
 e - a ring of protection from cold (left hand)
Wands
 a - a wand of iceblast (5)
 j - a wand of flame (33) (quivered)
Scrolls
 d - a scroll of noise {unknown}
 f - a scroll of summoning {unknown}
 g - 2 scrolls of teleportation
 h - a scroll of magic mapping {unknown}
Potions
 i - a potion of curing
 k - a potion of cancellation {unknown}
 n - a potion of flight {unknown}
 o - a potion of berserk rage {unknown}


   Skills:
 + Level 5.5 Fighting
 + Level 7.5 Axes
 + Level 6.4 Armour
 + Level 4.6 Shields
 * Level 3.5 Evocations


You had 7 spell levels left.
You didn't know any spells.
Your spell library was empty.

Dungeon Overview and Level Annotations

Branches:
Dungeon (6/15)
 Temple: D:4-7

Altars:
Kikubaaqudgha
Makhleb
Okawaru
Uskayaw
Yredelemnul

Shops:
D:5 (

Annotations:
D:3 1 runed translucent door, cbfl8's ghost, amateur MiFi
D:6 3 runed translucent doors, Eustachio; Maggie; cbfl8's ghost, novice MiFi


Innate Abilities, Weirdness & Mutations

You have a pair of horns on your head.
You reflexively headbutt those who attack you in melee.
Your skin changes colour to match your surroundings (Stealth+).
You are resistant to electric shocks. (rElec)


Message History

You are too injured to fight recklessly!
You are too injured to fight recklessly!
You are too injured to fight recklessly!
You are too injured to fight recklessly!
You feel better. You block Maggie's attack.
You slice Maggie!! Your headbutt misses Maggie.
Maggie is severely wounded.
Maggie gestures at you while chanting.
The bolt of fire hits you but does no damage.
You hit Maggie but do no damage.
Maggie is severely wounded.
Maggie barely misses you.
Maggie casts a spell.
Maggie attempts to bespell you!
You are mesmerised by Maggie!
You closely miss Maggie. You headbutt Maggie.
Maggie is almost dead.
Maggie hits you but does no damage.
You closely miss Maggie.
Maggie is almost dead.
Maggie drinks a potion.
Maggie is healed!
You slash Maggie!
Maggie is heavily wounded.
Maggie says, "Leave now, and tell all of Margery's mercy!"
Maggie barely misses you. You furiously retaliate!
You headbutt Maggie. You barely miss Maggie.
Maggie is severely wounded.
You block Maggie's attack. Maggie hits you with a +0 scimitar!
You slash Maggie!
Maggie is almost dead.
Maggie gestures wildly while chanting.
Maggie draws you further into her thrall.
You hit Maggie.
Maggie is almost dead.
Maggie hits you with a +0 scimitar!
You hit Maggie but do no damage.
Maggie is almost dead.
Maggie points at you and mumbles some strange words.
The bolt of fire hits you!!
You die...

#..##..#...
...........
#.......... #
.###..... .. ..
#..... ...### ..
##.... ...... #.
.... #..#.#######...
. #.....@@.....#..
## ##....######....
..# ###..........#
#..###.....##....#
####......##......##
.................##
..........#<##..#
...................
#................


You could see Maggie (mesmerising).

Vanquished Creatures
  A water moccasin (D:6)
  Duvessa (D:6)
  A black bear (D:6)
  An orc warrior (D:5)
  A kobold brigand (D:5)
  A scorpion (D:5)
  Dowan (D:6)
  A centaur zombie (D:5)
  2 hounds
  A jelly (D:4)
  An orc priest (D:5)
  A centaur skeleton (D:6)
  A bullfrog skeleton (D:5)
  Jessica (D:2)
  An iguana (D:6)
  Natasha (thrice) (D:4)
  An orc wizard (D:5)
  A killer bee zombie (D:6)
  Robin (D:2)
  3 adders
  2 worms (D:3)
  8 orcs
  7 ball pythons
  6 bats
  3 endoplasms
  4 giant cockroaches
  13 goblins
  10 hobgoblins
  11 jackals
  2 quokkas
  3 frilled lizards (D:3)
  10 kobolds
  7 rats
  A spectral kobold (D:1)
112 creatures vanquished.

Vanquished Creatures (others)
  A fungus (D:6)
  A plant (D:6)
2 creatures vanquished.

Grand Total: 114 creatures vanquished

Notes
Turn   | Place    | Note
-------+----------+-------------------------------------------
     0 | D:1      | cbfl8 the Minotaur Fighter began the quest for the Orb.
     0 | D:1      | Reached XP level 1. HP: 19/19 MP: 0/0
     2 | D:1      | Noticed a vampire
     6 | D:1      | Noticed a gargoyle
     7 | D:1      | Noticed a minotaur zombie
     8 | D:1      | Noticed a naga
     9 | D:1      | Noticed an octopode
    11 | D:1      | Noticed a human
    11 | D:1      | Noticed a minotaur zombie
    17 | D:1      | Noticed a demigod
   200 | D:1      | Reached XP level 2. HP: 27/27 MP: 1/1
   414 | D:1      | Found a faded altar of an unknown god.
   832 | D:1      | Reached XP level 3. HP: 33/33 MP: 2/2
  1225 | D:2      | Reached skill level 1 in Evocations
  1284 | D:2      | Noticed Robin
  1291 | D:2      | Reached skill level 3 in Axes
  1301 | D:2      | Killed Robin
  1680 | D:2      | Noticed Jessica
  1689 | D:2      | Killed Jessica
  1690 | D:2      | Reached XP level 4. HP: 32/40 MP: 3/3
  1866 | D:2      | Gained mutation: Your muscles are strong. (Str +2) [potion
                  | of mutation]
  1866 | D:2      | Gained mutation: Your body sometimes deteriorates upon
                  | taking damage. [potion of mutation]
  1866 | D:2      | Gained mutation: Your movements are slightly less
                  | encumbered by armour. (ER -2) [potion of mutation]
  1866 | D:2      | Gained mutation: Your skin changes colour to match your
                  | surroundings (Stealth+). [potion of mutation]
  2667 | D:3      | Found an ancient bone altar of Kikubaaqudgha.
  2671 | D:3      | Found a hide-covered altar of Uskayaw.
  2674 | D:3      | Found a basalt altar of Yredelemnul.
  2869 | D:3      | Found a runed translucent door.
  2869 | D:3      | Noticed cbfl8's ghost (amateur MiFi)
  2895 | D:3      | Found a burning altar of Makhleb.
  2961 | D:3      | Reached skill level 4 in Axes
  2961 | D:3      | Reached XP level 5. HP: 47/47 MP: 4/4
  3132 | D:3      | Lost mutation: Your body sometimes deteriorates upon taking
                  | damage. [potion of mutation]
  3132 | D:3      | Lost mutation: Your muscles are strong. (Str +2) [potion of
                  | mutation]
  3132 | D:3      | Lost mutation: Your movements are slightly less encumbered
                  | by armour. (ER -2) [potion of mutation]
  3132 | D:3      | Gained mutation: You are resistant to electric shocks.
                  | (rElec) [potion of mutation]
  3345 | D:4      | Noticed Natasha
  3349 | D:4      | Killed Natasha
  3600 | D:4      | Noticed Natasha
  3606 | D:4      | Killed Natasha
  3607 | D:4      | Reached skill level 5 in Axes
  3639 | D:4      | Noticed Natasha
  3645 | D:4      | Killed Natasha
  3646 | D:4      | Reached XP level 6. HP: 38/53 MP: 5/5
  3863 | D:5      | Entered Level 5 of the Dungeon
  3874 | D:5      | Found Qes Cyi's Antique Weapon Emporium.
  3903 | D:5      | Reached skill level 5 in Armour
  4103 | D:5      | Found an iron altar of Okawaru.
  4364 | D:5      | Reached skill level 6 in Axes
  4368 | D:5      | Noticed an orc warrior
  4376 | D:5      | Killed an orc warrior
  4377 | D:5      | Reached skill level 5 in Fighting
  4377 | D:5      | Reached XP level 7. HP: 24/61 MP: 6/6
  5247 | D:5      | Bought a broad axe for 80 gold pieces
  5267 | D:6      | Noticed Duvessa
  5278 | D:6      | Killed Duvessa
  5279 | D:6      | Reached skill level 7 in Axes
  5293 | D:6      | Noticed Dowan
  5593 | D:6      | Killed Dowan
  5626 | D:6      | Noticed Eustachio
  5911 | D:6      | Reached XP level 8. HP: 42/69 MP: 7/7
  6058 | D:6      | Found a runed translucent gate.
  6058 | D:6      | Found a runed translucent gate.
  6058 | D:6      | Found a runed translucent gate.
  6059 | D:6      | Noticed cbfl8's ghost (novice MiFi)
  6113 | D:6      | Noticed Maggie
  6130 | D:6      | Killed from afar by Maggie

Illustrated notes

Levels and vault maps discovered:
D:1:      shiori_arrival_whats_in_store_for_you, layout_basic,
          dreamdust_ecumenical_altar_drowned_temple
D:2:      layout_loops_ring, uniq_jessica, uniq_robin
D:3:      layout_loops_ring, lemuel_tele_altar,
          minmay_overflow_temple_star_quad, gammafunk_ghost_grave,
          kennysheep_generic_room_6
D:4:      layout_rooms, uniq_natasha
D:5:      layout_loops_cross, okawaru_ov_weapons_minmay,
          kennysheep_decorative_pillar, grunt_ministairs_1,
          nicolae_take_the_stairs
D:6:      layout_rooms, led_xom_imps, serial_shops, shop,
          gammafunk_ghost_nasty_kobolds, uniq_eustachio, uniq_duvessa,
          uniq_maggie

Skill      XL: |  1  2  3  4  5  6  7 |
---------------+----------------------+-----
Armour         | 4 5 6 |  6.4
Fighting       | 4 5 |  5.5
Evocations     | 1 2 3 |  3.5
Axes           | 3 4 5 6 7 |  7.5
Shields        | 4 |  4.6

Action                   |  1- 3 |  4- 6 |  7- 9 || total
-------------------------+-------+-------+-------++-------
Melee: War axe           |    84 |   112 |    16 ||   212
       Headbutt          |    10 |    14 |    15 ||    39
       Broad axe         |       |       |    49 ||    49
Evoke: Wand              |       |       |     5 ||     5
  Use: Scroll            |     2 |     2 |     1 ||     5
       Potion            |       |     5 |     3 ||     8
 Stab: Sleeping          |       |     1 |       ||     1
Armor: Scale mail        |    28 |    43 |     4 ||    75
       Chain mail        |       |       |    46 ||    46
Dodge: Dodged            |    58 |    55 |    26 ||   139
Block: Buckler           |    29 |    26 |    27 ||    82
